 Seeded DCSS version 0.29.1-15-g9cfb28693d (webtiles) character file.

Game seed: 5461343046259217733 (custom seed)

527 Mickster the Chopper (level 6, -5/76 HPs)
             Began as a Demigod Fighter on Mar 11, 2023.
             Slain by Menkaure (8 damage)
             ... on level 4 of the Dungeon.
             The game lasted 00:28:25 (2945 turns).

Mickster the Chopper (Demigod Fighter)              Turns: 2945, Time: 00:28:28

Health: -5/76      AC: 23    Str: 19 (21) XL:     6   Next: 71%
Magic:  8/8        EV:  2    Int:  9 (10) God:
Gold:   140        SH:  5    Dex: 16 (17) Spells: 5/5 levels left

rFire   . . .      SeeInvis .   k - +0 short sword (venom)
rCold   . . .      Faith    .   c - +0 buckler
rNeg    . . .      Spirit   .   (body armour currently unavailable)
rPois   +          Reflect  .   (helmet currently unavailable)
rElec   .          Harm     .   (cloak currently unavailable)
rCorr   .          Rampage  .   (gloves currently unavailable)
Will    +....      NoTele   +   (boots currently unavailable)
Stlth   ++........              (no amulet)
HPRegen 0.22/turn               h - ring of willpower
MPRegen 0.11/turn               (no ring)

@: tree-form
A: stationary, stasis, torment immunity, boosted hp, high MP 1, forlorn, divine
attributes
a: no special abilities


You were on level 4 of the Dungeon.
You were a tree.
You visited 1 branch of the dungeon, and saw 4 of its levels.

You collected 140 gold pieces.

Inventory:

Hand Weapons
 a - a +0 war axe
 f - a +0 spear
 g - a +0 sling
 k - a +0 short sword of venom (weapon)
 o - a +0 falchion
Missiles
 e - 22 stones
 i - 4 boomerangs
 s - 2 poisoned darts (quivered)
Armour
 b - a +0 scale mail (melded)
 c - a +0 buckler (worn)
 l - a +1 helmet of intelligence (melded)
 r - a +0 pair of gloves (melded)
Jewellery
 h - a ring of willpower (left branch)
Scrolls
 j - a scroll of poison
 m - a scroll of identify
 n - a scroll of silence
Potions
 t - a potion of brilliance


   Skills:
 + Level 3.6 Fighting
 * Level 5.6 Axes
 + Level 0.4 Throwing
 + Level 3.5 Armour
 + Level 1.3 Dodging
 + Level 0.2 Stealth
 + Level 2.9 Shields


You had 5 spell levels left.
You didn't know any spells.
Your spell library contained the following spells:

 Spells                   Type           Power      Damage    Failure   Level
 Dazzling Flash           Conj/Hex       0%         N/A       85%         3
 Iskenderun's Mystic Bla  Conj/Tloc      0%         2d3       99%         4
 Starburst                Conj/Fire      0%         6d3       100%        6


Dungeon Overview and Level Annotations

Branches:
Dungeon (4/15)             Temple (0/1) D:4

Portals:
Abyss: D:3

Annotations:
D:3 1 transporter, Seidenschwarz's ghost, amateur MiFi
D:4 Blork the orc; Menkaure


Innate Abilities, Weirdness & Mutations

You are a tree.
Your roots penetrate the ground, keeping you stationary.
You cannot be teleported.
You are immune to unholy pain and torment.
Your maximum health is greatly increased.
Your equipment is partially melded.
You have an increased reservoir of magic. (+10% MP)
You shall have no god before yourself.
Your divine heritage dramatically boosts your attributes as you level up.


Message History

Your +1 helmet of intelligence melds into your body.
Your +0 pair of gloves melds into your body.
Your +0 scale mail melds into your body.
You feel stupid.
Your roots penetrate the ground.
Blork the orc hits you but does no damage.
Menkaure casts a spell.
Menkaure seems to speed up.
You completely miss Menkaure.
Menkaure is lightly damaged.
Blork the orc hits you but does no damage.
Menkaure hits you but does no damage.
Blork the orc looks satisfied for a moment.
You hit Menkaure but do no damage.
Menkaure is lightly damaged.
Menkaure murmurs a few words.
Menkaure hits you but does no damage. You block Blork the orc's attack.
Menkaure hits you but does no damage.
You cannot move.
You hit Menkaure.
Menkaure is moderately damaged.
Blork the orc gestures at you while chanting.
The puff of flame hits you!
* * * LOW HITPOINT WARNING * * *
Blork the orc hits you with a +0 flail.
* * * LOW HITPOINT WARNING * * *
Menkaure hits you but does no damage.
You hit Menkaure.
Menkaure is moderately damaged.
Blork the orc hits you but does no damage.
Menkaure hits you.
* * * LOW HITPOINT WARNING * * *
Blork the orc barely misses you.
You hit Menkaure but do no damage.
Menkaure is moderately damaged.
Menkaure hits you.
* * * LOW HITPOINT WARNING * * *
Blork the orc hits you but does no damage.
Menkaure hits you!
You die...

#########
##########...,,..#
........##.#*###.#######
...........###.........#
#######........#.#####.#
##########.#####.#
**####..........#
*,......M♣...##.#
*,####.##o##.#*,*
**,***#.*#.#*.#*,*
###*,,,,,.,*#.#*,#*,*
#..,,,**#***#.#*,**,*
#.#*,** #.#*,**,* #.#*,*
*#.#*,**,*** #.#*,*
*..#*,**,,,* #.#*.#
*,***,**,*<**


You could see Blork the orc (fast) and Menkaure (fast).

Vanquished Creatures
  Grinder (D:4)
  A necrophage (D:4)
  An orc priest (D:4)
  Jessica (D:2)
  Natasha (D:4)
  Terence (D:2)
  An orc wizard (D:2)
  Robin (D:2)
  2 adders (D:4)
  4 gnolls (D:2)
  A worm (D:4)
  5 orcs
  4 ball pythons
  4 endoplasms
  11 goblins
  7 hobgoblins
  2 quokkas (D:2)
  3 bats
  2 frilled lizards
  6 rats
59 creatures vanquished.

Vanquished Creatures (others)
  A plant (D:1)
1 creature vanquished.

Grand Total: 60 creatures vanquished

Notes
Turn   | Place    | Note
-------+----------+-------------------------------------------
     0 | D:1      | Mickster the Demigod Fighter began the quest for the Orb.
     0 | D:1      | Reached XP level 1. HP: 18/18 MP: 3/3
   509 | D:1      | Reached skill level 2 in Axes
   636 | D:1      | Reached XP level 2. HP: 19/25 MP: 4/4
   957 | D:2      | Reached XP level 3. HP: 23/31 MP: 5/5
  1046 | D:2      | Noticed Jessica
  1055 | D:2      | Killed Jessica
  1060 | D:2      | Reached skill level 3 in Axes
  1069 | D:2      | Reached XP level 4. HP: 10/38 MP: 6/6
  1564 | D:2      | Noticed Robin
  1574 | D:2      | Reached skill level 1 in Dodging
  1588 | D:2      | Killed Robin
  1883 | D:2      | Noticed Terence
  1890 | D:2      | Killed Terence
  1891 | D:2      | Reached XP level 5. HP: 31/45 MP: 7/7
  2148 | D:3      | Found a transporter.
  2148 | D:3      | Noticed a small abomination
  2163 | D:3      | Found a one-way gate to the infinite horrors of the Abyss.
  2163 | D:3      | Noticed Seidenschwarz's ghost (amateur MiFi)
  2164 | D:3      | Noticed a toenail golem
  2164 | D:3      | Noticed a small abomination
  2201 | D:4      | Found a staircase to the Ecumenical Temple.
  2215 | D:4      | Reached skill level 4 in Axes
  2580 | D:4      | Noticed Grinder
  2612 | D:4      | Killed Grinder
  2613 | D:4      | Reached skill level 5 in Axes
  2613 | D:4      | Reached XP level 6. HP: 36/51 MP: 8/8
  2830 | D:4      | Noticed Natasha
  2838 | D:4      | Killed Natasha
  2933 | D:4      | Noticed Blork the orc
  2933 | D:4      | Noticed Menkaure
  2945 | D:4      | HP: 3/76 [Menkaure (3)]
  2945 | D:4      | Slain by Menkaure

Illustrated notes

Levels and vault maps discovered:
D:1:      minmay_arrival_jagged, layout_loops_corners,
          chequers_ecumenical_altar_lobes, minmay_tetromino_i2
D:2:      layout_basic, minmay_misc_feat_ornament, uniq_robin, uniq_jessica,
          uniq_terence
D:3:      layout_basic, gammafunk_ghost_abyssal_escape, gup_sewer_entry_glass,
          roderic_lattice_a
D:4:      layout_loops_ring, kennysheep_okawaru_gauntlet,
          minmay_temple_entry_wispy, uniq_natasha, uniq_grinder,
          uniq_blork_the_orc, uniq_menkaure

Skill      XL: |  1  2  3  4  5 |
---------------+----------------+-----
Axes           | 2 3 5 |  5.6
Fighting       | 3 |  3.6
Armour         | 3 |  3.5
Dodging        | 1 |  1.3
Throwing       | |  0.4
Stealth        | |  0.2
Shields        | |  2.9

Action                   |  1- 3 |  4- 6 || total
-------------------------+-------+-------++-------
Melee: War axe           |    62 |    91 ||   153
       Short sword       |       |    16 ||    16
Throw: Boomerang         |     1 |     8 ||     9
  Use: Scroll            |     5 |     3 ||     8
       Potion            |     2 |     5 ||     7
Armor: Scale mail        |    37 |    51 ||    88
       Skin              |       |     8 ||     8
Dodge: Dodged            |    22 |    71 ||    93
Block: Buckler           |    13 |    32 ||    45
